 Dungeon Sprint DCSS version 0.22.1-2-g9c5b331 (webtiles) character file.

119 Yuikono the Fighter (level 4, -3/49 HPs)
             Began as a Minotaur Fighter on Dec 20, 2018.
             Was a High Priest of Jiyva.
             Slain by a two-headed ogre
             ... wielding a +0 giant club
              (11 damage)
             ... in the Dungeon (Sprint IX: "|||||||||||||||||||||||||||||").
             The game lasted 00:04:53 (433 turns).

Yuikono the Fighter (Minotaur Fighter)               Turns: 433, Time: 00:04:53

Health: -3/49      AC: 12    Str: 21    XL:     4   Next: 74%
Magic:  3/3        EV:  9    Int:  5    God:    Jiyva [*****.]
Gold:   0          SH: 10    Dex: 13    Spells: 3/3 levels left

rFire    . . .     SeeInvis .   q - +2 scimitar (flame)
rCold    + . .     Gourm    .   c - +0 shield
rNeg     . . .     Faith    .   r - +1 scale mail
rPois    .         Spirit   .   (helmet restricted)
rElec    .         Reflect  .   a - +0 cloak
rCorr    +         Harm     .   (no gloves)
MR       .....     NoTele   +   p - +0 pair of boots
Stlth    ..........             (no amulet)
HPRegen  0.16/turn              s - +3 ring of dexterity
MPRegen  0.08/turn              t - +2 ring of evasion

@: no status effects
A: retaliatory headbutt, horns 2, iridescent scales 1, cold resistance 1,
eyeballs 1
a: Request Jelly, Slimify, Cure Bad Mutation, Renounce Religion


You were in the Dungeon.
You worshipped Jiyva.
Jiyva was extremely pleased with you.
You were not hungry.

You visited 1 branch

Inventory:

Hand Weapons
 q - a +2 scimitar of flaming (weapon)
Armour
 a - a +0 cloak (worn)
 c - a +0 shield (worn)
 p - a +0 pair of boots (worn)
 r - a +1 scale mail (worn)
Jewellery
 s - a +3 ring of dexterity (left hand)
 t - a +2 ring of evasion (right hand)
Wands
 o - a wand of acid (10)
Scrolls
 k - 2 scrolls of blinking
 m - 3 scrolls of remove curse
 n - 2 scrolls of amnesia
Potions
 d - a potion of might
 e - 5 potions of curing
 g - 3 potions of heal wounds
 h - a potion of haste
 i - 4 potions of magic
 j - a potion of berserk rage
 l - a potion of invisibility
Comestibles
 f - a ration


   Skills:
 + Level 8.7 Fighting
 + Level 8.0 Long Blades
 - Level 4.1 Armour
 - Level 4.1 Shields


You had 3 spell levels left.
You didn't know any spells.
Your spell library was empty.

Dungeon Overview and Level Annotations

Branches:
Dungeon (1/1)

Altars:
Cheibriados
Dithmenos
Elyvilon
Fedhas
Gozag
Hepliaklqana
Kikubaaqudgha
Makhleb
Nemelex Xobeh
Okawaru
Qazlal
Ru
Sif Muna
Trog
Uskayaw
Vehumet
Wu Jian
Xom
Yredelemnul
Zin
The Shining One
Beogh
Jiyva
Lugonu


Innate Abilities, Weirdness & Mutations

You reflexively headbutt those who attack you in melee.
You have a pair of horns on your head.
You are partially covered in iridescent scales. (AC +2)
Your flesh is cold resistant. (rC+)
Your body has grown golden eyes which may confuse attackers. (Acc +3)


Message History

The two-headed ogre hits you with a giant club!!
The two-headed ogre hits you with a giant spiked club!
Okay, then.
You slash the two-headed ogre! You burn the two-headed ogre.
Your headbutt misses the two-headed ogre.
The two-headed ogre is severely wounded.
The two-headed ogre hits you but does no damage.
The two-headed ogre hits you with a giant spiked club!
* * * LOW HITPOINT WARNING * * *
You hit the two-headed ogre but do no damage.
You headbutt the two-headed ogre!
The two-headed ogre is severely wounded.
You hear a distant slurping noise.
Jiyva appreciates your sacrifice.
You feel a little less hungry.
You feel better.
You hit the two-headed ogre. You burn the two-headed ogre.
You headbutt the two-headed ogre.
The two-headed ogre is almost dead.
The two-headed ogre hits you with a giant club!
You die...

▓.▓
▓.▓
▓.▓
▓.▓
▓.▓
▓[▓
▓.▓
▓.▓
▓@▓
▓O▓
▓z▓
▓Y▓
▓O▓
▓Z▓
▓S▓
▓.▓


You could see 2 two-headed ogres, a yak, a wight, an adder and a leopard gecko
zombie.

Vanquished Creatures
  An orc wizard (D)
  A hound (D)
  2 worker ants (D)
  An adder (D)
  A leopard gecko (D)
  2 bats (D)
  2 rats (D)
10 creatures vanquished.

Vanquished Creatures (others)
  A jelly (D)
1 creature vanquished.

Grand Total: 11 creatures vanquished

Notes
Turn   | Place    | Note
-------+----------+-------------------------------------------
     0 | D        | Yuikono the Minotaur Fighter began the quest for the Orb.
     0 | D        | Reached XP level 1. HP: 19/19 MP: 0/0
    23 | D        | Noticed a worker ant
    23 | D        | Noticed a worker ant
    23 | D        | Noticed a hound
    23 | D        | Noticed an orc wizard
    29 | D        | Killed a worker ant
    29 | D        | Reached skill level 5 in Long Blades
    29 | D        | Reached XP level 2. HP: 27/30 MP: 1/1
    29 | D        | Reached XP level 3. HP: 33/37 MP: 2/2
    44 | D        | Reached XP level 4. HP: 17/48 MP: 3/3
   247 | D        | Found a roughly hewn altar of Beogh.
   247 | D        | Found a snail-covered altar of Cheibriados.
   247 | D        | Found a shadowy altar of Dithmenos.
   247 | D        | Found a white marble altar of Elyvilon.
   247 | D        | Found a blossoming altar of Fedhas.
   247 | D        | Found an opulent altar of Gozag.
   248 | D        | Found a hazy altar of Hepliaklqana.
   249 | D        | Found a viscous altar of Jiyva.
   250 | D        | Found an ancient bone altar of Kikubaaqudgha.
   251 | D        | Found a corrupted altar of Lugonu.
   252 | D        | Found a burning altar of Makhleb.
   253 | D        | Found a sparkling altar of Nemelex Xobeh.
   254 | D        | Found an iron altar of Okawaru.
   255 | D        | Found a stormy altar of Qazlal.
   256 | D        | Found a sacrificial altar of Ru.
   257 | D        | Found a deep blue altar of Sif Muna.
   258 | D        | Found a bloodstained altar of Trog.
   259 | D        | Found a hide-covered altar of Uskayaw.
   260 | D        | Found a radiant altar of Vehumet.
   261 | D        | Found an ornate altar of the Wu Jian Council.
   262 | D        | Found a shimmering altar of Xom.
   263 | D        | Found a basalt altar of Yredelemnul.
   264 | D        | Found a glowing silver altar of Zin.
   265 | D        | Found a glowing golden altar of the Shining One.
   297 | D        | Became a worshipper of Jiyva Juble the Shapeless
   388 | D        | Reached * piety under Jiyva
   388 | D        | Reached ** piety under Jiyva
   388 | D        | Reached *** piety under Jiyva
   388 | D        | Gained mutation: Your flesh is cold resistant. (rC+)
                  | [Jiyva's grace]
   388 | D        | Reached **** piety under Jiyva
   388 | D        | Gained mutation: Your body has grown golden eyes which may
                  | confuse attackers. (Acc +3) [Jiyva's grace]
   391 | D        | Reached ***** piety under Jiyva
   391 | D        | Gained mutation: You are partially covered in iridescent
                  | scales. (AC +2) [Jiyva's grace]
   427 | D        | Noticed a two-headed ogre
   427 | D        | Noticed a yak
   427 | D        | Noticed a two-headed ogre
   433 | D        | Slain by a two-headed ogre

Skill      XL: |  1  2  3  4 |
---------------+-------------+-----
Fighting       | 6 8 |  8.7
Armour         | 4 |  4.1
Shields        | 4 |  4.1
Long Blades    | 5 7 8 |  8.0

Action                   |  1- 3 |  4- 6 || total
-------------------------+-------+-------++-------
Melee: Long sword        |    34 |     5 ||    39
       Headbutt          |     2 |     5 ||     7
       Scimitar          |       |     6 ||     6
Armor: Scale mail        |    11 |     1 ||    12
Dodge: Dodged            |    12 |       ||    12
Block: Shield            |    20 |     6 ||    26
       Rpst.: Long sword |     2 |       ||     2
